 Dungeon Crawl Stone Soup version 0.29-a0-344-ge2f44be95a (webtiles) character file.

Game seed: 6582306458372651601

2126 rabbitsville the Charlatan (level 9, -1/69 HPs)
             Began as a Gnoll Wanderer on Apr 21, 2022.
             Slain by a steam dragon (2 damage)
             ... on level 6 of the Dungeon.
             The game lasted 00:22:59 (8180 turns).

rabbitsville the Charlatan (Gnoll Wanderer)         Turns: 8180, Time: 00:23:01

Health: -1/69      AC: 11    Str: 22    XL:     9   Next: 29%
Magic:  16/16      EV:  7    Int:  8    God:
Gold:   380        SH: 13    Dex:  9    Spells: 18/18 levels left

rFire   . . .      SeeInvis .   b - +2 whip (venom)
rCold   . . .      Faith    .   D - +0 kite shield
rNeg    . . .      Spirit   .   x - +0 chain mail
rPois   .          Reflect  +   (no helmet)
rElec   .          Harm     .   (no cloak)
rCorr   .          Rampage  .   (no gloves)
Will    .....                   C - +0 pair of boots
Stlth   ..........              k - amulet of reflection
HPRegen 0.21/turn               (no ring)
MPRegen 0.15/turn               (no ring)

@: no status effects
A: fangs 1, strong nose, distributed training
a: no special abilities


You were on level 6 of the Dungeon.
You visited 1 branch of the dungeon, and saw 6 of its levels.

You collected 380 gold pieces.

Inventory:

Hand Weapons
 a - a +3 hunting sling
 b - a +2 whip of venom (weapon)
 u - a +3 mace
 y - a +0 hand axe
 E - a +2 short sword of holy wrath
Missiles
 z - 9 throwing nets
Armour
 c - a +0 ring mail
 x - a +0 chain mail (worn)
 C - a +0 pair of boots (worn)
 D - a +0 kite shield (worn)
Jewellery
 k - an amulet of reflection (around neck)
 A - a +6 ring of dexterity
Wands
 G - a wand of iceblast (5)
Scrolls
 j - 3 scrolls of amnesia
 l - 2 scrolls of immolation
 n - 2 scrolls of fear
 o - 2 scrolls of torment
 p - 2 scrolls of noise
 q - 4 scrolls of teleportation
 r - 2 scrolls of vulnerability
 t - a scroll of summoning
 v - 2 scrolls of enchant weapon
Potions
 d - 2 potions of berserk rage
 f - a potion of lignification
 h - a potion of mutation {unknown}
 i - a potion of haste
 m - 2 potions of attraction
 s - a potion of heal wounds
 w - a potion of ambrosia {unknown}
 B - a potion of magic {unknown}
 F - a potion of might {unknown}
 H - a potion of curing {unknown}


   Skills:
 + Level 6.2 Fighting
 + Level 4.1 Short Blades
 + Level 4.1 Long Blades
 + Level 6.2 Axes
 + Level 4.1 Maces & Flails
 + Level 4.1 Polearms
 + Level 4.1 Staves
 + Level 4.1 Slings
 + Level 4.1 Bows
 + Level 4.1 Crossbows
 + Level 4.1 Throwing
 + Level 6.2 Armour
 + Level 4.1 Dodging
 + Level 4.1 Stealth
 + Level 4.1 Shields
 + Level 4.1 Unarmed Combat
 + Level 5.0 Spellcasting
 + Level 3.3 Conjurations
 + Level 3.3 Hexes
 + Level 3.3 Summonings
 + Level 3.3 Necromancy
 + Level 3.3 Translocations
 + Level 3.3 Transmutations
 + Level 3.3 Fire Magic
 + Level 3.3 Ice Magic
 + Level 3.3 Air Magic
 + Level 3.3 Earth Magic
 + Level 3.3 Poison Magic
 + Level 4.5 Invocations
 + Level 7.8 Evocations


You had 18 spell levels left.
You didn't know any spells.
Your spell library contained the following spells:

 Spells                   Type           Power      Damage    Failure   Level
 Shock                    Conj/Air       28%        1d4       83%         1
 Swiftness                Air            7%         N/A       99%         3
 Airstrike                Air            3%         N/A       100%        4


Dungeon Overview and Level Annotations

Branches:
Dungeon (6/15)
 Temple: D:4-7

Altars:
Cheibriados
Dithmenos
Vehumet

Shops:
D:1 [   D:3 (


Innate Abilities, Weirdness & Mutations

You have very sharp teeth.
Your uncanny sense of smell can sniff out nearby items.
Your experience applies equally to all skills.


Message History

The frost-covered statue is lightly damaged.
You hit the frost-covered statue but do no damage.
The frost-covered statue is lightly damaged.
You hit the frost-covered statue.
The frost-covered statue is moderately damaged.
You hit the frost-covered statue.
The frost-covered statue is heavily damaged.
You hit the frost-covered statue.
You destroy the frost-covered statue!
There is a radiant altar of Vehumet here.
A steam dragon comes into view.
The steam dragon hisses angrily.
Found 17 gold pieces.
The steam dragon breathes steam at you. The ball of steam misses you.
You are engulfed in a cloud of scalding steam.
You closely miss the steam dragon. You block the steam dragon's attack. x2
You hit the steam dragon but do no damage.
Your bite misses the steam dragon. The steam dragon bites you!
You block the steam dragon's attack.
You whack the steam dragon!
The steam dragon is poisoned.
Your bite misses the steam dragon.
The steam dragon is moderately wounded.
You block the steam dragon's attack. The steam dragon claws you.
You closely miss the steam dragon.
The steam dragon is moderately wounded.
You block the steam dragon's attack. The steam dragon claws you.
You hit the steam dragon but do no damage.
The steam dragon looks as sick as possible!
The steam dragon is moderately wounded.
The steam dragon breathes steam at you. The ball of steam hits you!!
You whack the steam dragon!
The steam dragon is severely wounded.
You are engulfed in a cloud of scalding steam.
* * * LOW HITPOINT WARNING * * *
The steam dragon bites you!
* * * LOW HITPOINT WARNING * * *
The steam dragon claws you.
You die...

.# #.##.##.# ......$...
#.##.##.# #####.........
#.##.##.# #...#.........
#.##.##.#.#...#.........
#.##.##.#.#...#.........
#.##.##.#.#._.#.........
..##.##.#.#...#.........
..##.##.#.#...#ยง@D......
........#.#...#..#######
#.##.####.##.##.##
.......##.......#
#..#...........##
##.#...........#
#.............#
##............#
#............#


You could see a steam dragon (extremely poisoned, catching breath).

Vanquished Creatures
  A steam dragon (D:6)
  A black bear (D:6)
  An ogre (D:5)
  A phantom (D:5)
  3 necrophages
  5 gnoll sergeants (D:5)
  5 scorpions
  7 hounds (D:5)
  2 orc priests (D:5)
  2 gnoll shamans (D:5)
  7 orc wizards
  A statue (D:6)
  28 gnolls (D:5)
  2 adders
  A white imp (D:5)
  An ufetubus (D:4)
  3 worms
  3 dart slugs
  22 orcs
  7 ball pythons
  7 bats
  14 endoplasms
  4 giant cockroaches
  4 goblins
  9 hobgoblins
  8 jackals
  A quokka (D:1)
  A frilled lizard (D:3)
  3 kobolds
  5 rats
159 creatures vanquished.

Vanquished Creatures (others)
  A plant (D:3)
1 creature vanquished.

Grand Total: 160 creatures vanquished

Notes
Turn   | Place    | Note
-------+----------+-------------------------------------------
     0 | D:1      | rabbitsville the Gnoll Wanderer began the quest for the
                  | Orb.
     0 | D:1      | rabbitsville set off with the following items: a +0 hand
                  | axe, a wand of iceblast (2), a +0 ring mail, a potion of
                  | berserk rage
     0 | D:1      | Reached XP level 1. HP: 20/20 MP: 4/4
   101 | D:1      | Reached XP level 2. HP: 23/26 MP: 5/5
   479 | D:1      | Found Pukhlaem's Armour Shoppe.
   537 | D:1      | Reached XP level 3. HP: 25/31 MP: 7/7
   928 | D:2      | Found a snail-covered altar of Cheibriados.
  1117 | D:2      | Reached skill level 1 in Invocations
  1151 | D:2      | You fall into a shaft and drop 1 floor!
  1224 | D:3      | Reached skill level 1 in Short Blades
  1224 | D:3      | Reached skill level 1 in Long Blades
  1224 | D:3      | Reached skill level 1 in Maces & Flails
  1224 | D:3      | Reached skill level 1 in Polearms
  1224 | D:3      | Reached skill level 1 in Staves
  1224 | D:3      | Reached skill level 1 in Slings
  1224 | D:3      | Reached skill level 1 in Bows
  1224 | D:3      | Reached skill level 1 in Crossbows
  1224 | D:3      | Reached skill level 1 in Throwing
  1224 | D:3      | Reached skill level 1 in Dodging
  1224 | D:3      | Reached skill level 1 in Stealth
  1224 | D:3      | Reached skill level 1 in Shields
  1224 | D:3      | Reached skill level 1 in Unarmed Combat
  1447 | D:3      | Noticed a necrophage
  1470 | D:3      | Killed a necrophage
  1471 | D:3      | Reached skill level 1 in Conjurations
  1471 | D:3      | Reached skill level 1 in Hexes
  1471 | D:3      | Reached skill level 1 in Summonings
  1471 | D:3      | Reached skill level 1 in Necromancy
  1471 | D:3      | Reached skill level 1 in Translocations
  1471 | D:3      | Reached skill level 1 in Transmutations
  1471 | D:3      | Reached skill level 1 in Fire Magic
  1471 | D:3      | Reached skill level 1 in Ice Magic
  1471 | D:3      | Reached skill level 1 in Air Magic
  1471 | D:3      | Reached skill level 1 in Earth Magic
  1471 | D:3      | Reached skill level 1 in Poison Magic
  1471 | D:3      | Reached XP level 4. HP: 15/38 MP: 8/8
  1471 | D:3      | Reached XP level 5. HP: 17/43 MP: 9/9
  2309 | D:3      | Found a faded altar of an unknown god.
  3097 | D:3      | Found Buemp's Weapon Emporium.
  3368 | D:4      | Reached XP level 6. HP: 13/50 MP: 10/10
  4111 | D:4      | Reached skill level 5 in Fighting
  4111 | D:4      | Reached skill level 5 in Axes
  4111 | D:4      | Reached skill level 5 in Armour
  4274 | D:4      | Found a shadowy altar of Dithmenos.
  5207 | D:5      | Entered Level 5 of the Dungeon
  5214 | D:5      | Reached XP level 7. HP: 50/56 MP: 12/12
  5220 | D:5      | Reached skill level 7 in Evocations
  6011 | D:5      | Reached XP level 8. HP: 63/63 MP: 14/14
  7292 | D:5      | Reached XP level 9. HP: 63/69 MP: 16/16
  7745 | D:6      | Reached skill level 5 in Spellcasting
  8142 | D:6      | Found a radiant altar of Vehumet.
  8180 | D:6      | HP: 1/69 [steam dragon (7)]
  8180 | D:6      | Slain by a steam dragon

Illustrated notes

Levels and vault maps discovered:
D:1:      heliophobic_arrival_glass_houses, layout_basic, serial_shops,
          nicolae_lakefront_shop, st_stairs_8, wad_floor_pattern_2
D:2:      layout_basic, basic_altar, hangedman_abyss_or_decor_stabs,
          minmay_misc_feat_diagonals, kennysheep_generic_room_13
D:3:      layout_loops_ring, serial_aquarium, aquarium_bridge_square
          [aquarium_subvault_balcony, aquarium_subvault_bridge,
          aquarium_subvault_wall, aquarium_subvault_bridge], aquarium_window_2,
          aquarium_window_3, aquarium_view_2b, aquarium_view_2d,
          aquarium_balcony_3b, aquarium_pool_five, serial_shops,
          nicolae_shop_bloodbath_and_beyond,
          shapermc_ecumenical_altar_mp_highgroup, hangedman_decor_lopped,
          st_stairs_2, guppyfry_early_lair_pool
D:4:      layout_loops_ring, nicolae_dithmenos_through_a_glass_darkly,
          amcnicky_mini_pool_small
D:5:      layout_cave_pools, serial_gnoll_camp, gnoll_camp_huts_moat,
          gnoll_camp_mini_basic, gnoll_camp_mini_house, gnoll_camp_medium_01,
          gnoll_camp_mini_loothouse
D:6:      layout_basic, vehumet_statue

Skill      XL: |  1  2  3  4  5  6  7  8  9 |
---------------+----------------------------+-----
Invocations    | 1 2 3 4 |  4.5
Short Blades   | 1 2 3 4 |  4.1
Long Blades    | 1 2 3 4 |  4.1
Maces & Flails | 1 2 3 4 |  4.1
Polearms       | 1 2 3 4 |  4.1
Staves         | 1 2 3 4 |  4.1
Slings         | 1 2 3 4 |  4.1
Bows           | 1 2 3 4 |  4.1
Crossbows      | 1 2 3 4 |  4.1
Throwing       | 1 2 3 4 |  4.1
Dodging        | 1 2 3 4 |  4.1
Stealth        | 1 2 3 4 |  4.1
Shields        | 1 2 3 4 |  4.1
Unarmed Combat | 1 2 3 4 |  4.1
Spellcasting   | 3 4 5 |  5.0
Conjurations   | 1 2 3 |  3.3
Hexes          | 1 2 3 |  3.3
Summonings     | 1 2 3 |  3.3
Necromancy     | 1 2 3 |  3.3
Translocations | 1 2 3 |  3.3
Transmutations | 1 2 3 |  3.3
Fire Magic     | 1 2 3 |  3.3
Ice Magic      | 1 2 3 |  3.3
Air Magic      | 1 2 3 |  3.3
Earth Magic    | 1 2 3 |  3.3
Poison Magic   | 1 2 3 |  3.3
Fighting       | 5 6 |  6.2
Axes           | 5 6 |  6.2
Armour         | 5 6 |  6.2
Evocations     | 7 |  7.8

Action                   |  1- 3 |  4- 6 |  7- 9 || total
-------------------------+-------+-------+-------++-------
Melee: Hand axe          |   122 |   209 |       ||   331
       Bite              |     6 |    31 |    41 ||    78
       Punch             |     1 |     5 |     3 ||     9
       Whip              |       |    20 |   262 ||   282
       Mace              |       |    10 |       ||    10
       Short sword       |       |       |    10 ||    10
 Fire: Hunting sling     |       |       |   194 ||   194
Evoke: Wand              |     2 |       |       ||     2
  Use: Potion            |       |     1 |       ||     1
       Scroll            |       |       |    12 ||    12
Armor: Ring mail         |    42 |    55 |       ||    97
       Chain mail        |       |     2 |   134 ||   136
Dodge: Dodged            |    75 |    81 |    92 ||   248
Block: Other             |       |    36 |    65 ||   101
       Reflection        |       |     1 |    13 ||    14
       Kite shield       |       |       |    34 ||    34

Table legend: (Time is in decaauts)
 A = Elapsed time spent in this place.
 B = Non-inter-level travel time spent in this place.
 C = Inter-level travel time spent in this place.
 D = Time resting spent in this place.
 E = Time spent auto-exploring this place.
 F = Levels seen in this place.
 G = Mean time per level.
                   A        B        C        D        E       F      G
               +--------+--------+--------+--------+--------+-----+--------+
         Total |   8326 |   8076 |    250 |   1889 |   3724 |   6 | 1387.7 |
       Dungeon |   8326 |   8076 |    250 |   1889 |   3724 |   6 | 1387.7 |
               +--------+--------+--------+--------+--------+-----+--------+

Top non-repeatable levels by time:
     D:5: 2563 daAuts
     D:4: 1880 daAuts
     D:3: 1730 daAuts
     D:1: 895 daAuts
     D:2: 741 daAuts
     D:6: 515 daAuts
